 Dungeon Crawl Stone Soup version 0.28.0-53-g5a82cb258f (webtiles) character file.

Game seed: 1328873557564030913

21 Gabide the Skirmisher (level 2, -1/27 HPs)
             Began as a Draconian Monk on June 14, 2022.
             Was a Believer of Wu Jian.
             Slain by a hobgoblin (3 damage)
             ... on level 2 of the Dungeon.
             The game lasted 00:01:18 (1057 turns).

Gabide the Skirmisher (Draconian Monk)              Turns: 1057, Time: 00:01:19

Health: -1/27      AC:  4    Str: 13    XL:     2   Next: 62%
Magic:  2/2        EV: 12    Int: 10    God:    Wu Jian [**....]
Gold:   116        SH:  0    Dex: 13    Spells: 1/1 levels left

rFire   . . .      SeeInvis .     - Unarmed
rCold   . . .      Faith    .   (no shield)
rNeg    . . .      Spirit   .   (armour unavailable)
rPois   .          Reflect  .   (helmet restricted)
rElec   .          Harm     .   (no cloak)
rCorr   .          Rampage  .   (no gloves)
Will    .....                   (no boots)
Stlth   ++........              (no amulet)
HPRegen 0.09/turn               (no ring)
MPRegen 0.08/turn               (no ring)

@: no status effects
A: AC +4, unfitting armour, cold-blooded
a: Renounce Religion, Wall Jump


You were on level 2 of the Dungeon.
You worshipped Wu Jian.
Wu Jian was pleased with you.
You visited 1 branch of the dungeon, and saw 2 of its levels.

You collected 116 gold pieces.

Inventory:

Scrolls
 a - a scroll of brand weapon {unknown}
Potions
 b - 2 potions of attraction {unknown}
 c - a potion of brilliance {unknown}
 d - a potion of ambrosia {unknown}
 e - a potion of curing {unknown}


   Skills:
 + Level 3.7 Fighting
 + Level 3.0 Dodging
 - Level 1.7 Stealth
 + Level 3.3 Unarmed Combat


You had one spell level left.
You didn't know any spells.
Your spell library was empty.

Dungeon Overview and Level Annotations

Branches:
Dungeon (2/15)

Altars:
Wu Jian

Annotations:
D:2 Robin


Innate Abilities, Weirdness & Mutations

Your plain brown scales are hard. (AC +4)
You cannot fit into any form of body armour.
You are cold-blooded and may be slowed by cold attacks.


Message History

You hit the goblin.
The goblin is heavily wounded.
The goblin hits you with a +0 club.
* * * LOW HITPOINT WARNING * * *
The goblin hits you but does no damage. x2
You spin and attack the goblin repeatedly.
You closely miss the goblin.
The goblin is heavily wounded.
You closely miss the goblin.
The goblin is heavily wounded.
The goblin closely misses you.
The hobgoblin no longer looks unusually strong.
The goblin no longer looks unusually strong. x3
Robin says, "My goblins will feast on your bones."
Robin throws the goblin at you!
* * * LOW HITPOINT WARNING * * *
The goblin barely misses you.
The goblin unwields a +0 dagger.
The goblin wields a +2 vorpal hunting sling.
The goblin shoots a stone.
The stone closely misses you.
You spin and attack the goblin.
You barely miss the goblin. The goblin barely misses you.
You spin and attack the hobgoblin repeatedly.
You barely miss the hobgoblin.
Your tail-slap misses the hobgoblin.
The hobgoblin is severely wounded.
You hit the hobgoblin but do no damage.
The hobgoblin is severely wounded.
The hobgoblin hits you.
* * * LOW HITPOINT WARNING * * *
The goblin no longer looks unusually strong.
The hobgoblin no longer looks unusually strong.
Robin roars a battlecry!
The goblins go into a battle-frenzy!
The goblin no longer looks unusually strong.
Robin throws the goblin at you! The goblin closely misses you.
You hit the goblin but do no damage.
The goblin no longer looks unusually strong.
The hobgoblin no longer looks unusually strong.
The hobgoblin hits you.
You die...

#...#######
#.#.#.#.#.##
#..........#
#.#....)..###
#....)......#
#.#....>..#.#
######...........#
.......#..g..g.#g#
#...g@gg.g.....#
######g#g#g#g#.#
#.g..w....#
#######g...#
####...# ##... ###


You could see Robin, 3 hobgoblins and 7 goblins.

Vanquished Creatures
  A dart slug (D:1)
  An endoplasm (D:1)
  A giant cockroach (D:1)
  4 goblins
  2 hobgoblins (D:1)
  A quokka (D:1)
  2 ball pythons (D:1)
  2 kobolds (D:1)
  3 rats (D:1)
17 creatures vanquished.

Notes
Turn   | Place    | Note
-------+----------+-------------------------------------------
     0 | D:1      | Gabide the Draconian Monk began the quest for the Orb.
     0 | D:1      | Reached XP level 1. HP: 19/19 MP: 1/1
   239 | D:1      | Reached XP level 2. HP: 12/26 MP: 2/2
   787 | D:1      | Found a faded altar of an unknown god.
   833 | D:1      | Prayed at the altar of an unknown god.
   833 | D:1      | Became a worshipper of the Wu Jian Council
   833 | D:1      | Reached * piety under Wu Jian
   833 | D:1      | Reached ** piety under Wu Jian
  1033 | D:2      | Noticed Robin
  1054 | D:2      | HP: 1/27 [hobgoblin (1)]
  1057 | D:2      | Slain by a hobgoblin

Illustrated notes

Levels and vault maps discovered:
D:1:      minmay_arrival_three_doors, layout_loops_cross,
          ebering_ecumenical_altar_ruins
D:2:      layout_rooms, chequers_serial_rivers_large_a, palyth_stone_intersect,
          minmay_misc_feat_rugged, st_stairs_4, minmay_heptomino_l4, uniq_robin,
          uniq_sigmund

Skill      XL: |  1  2 |
---------------+-------+-----
Dodging        | 3 |  3.0
Fighting       | |  3.7
Stealth        | |  1.7
Unarmed Combat | |  3.3

Action                   || total
-------------------------++-------
Melee: Unarmed           ||    77
       Tailslap          ||     8
       Punch             ||     2
Invok: Whirlwind         ||    18
       Lunge             ||     1
 Stab: Sleeping          ||     2
Armor: Skin              ||    25
Dodge: Dodged            ||    42
